 Dungeon Crawl Stone Soup version 0.17.1-3-g152610e (webtiles) character file.

104 inmateoo the Grave Robber (level 4, -9/41 HPs)
             Began as a Troll Necromancer on Apr 20, 2016.
             Was a Follower of Cheibriados.
             Mangled by Crazy Yiuf
             ... wielding a +3 quarterstaff of chaos
              (11 damage)
             ... on level 2 of the Dungeon.
             The game lasted 00:06:15 (1956 turns).

inmateoo the Grave Robber (Troll Necromancer)       Turns: 1956, Time: 00:06:16

Health: -9/41      AC:  5    Str: 20    XL:     4   Next: 52%
Magic:  4/4        EV: 11    Int: 14    God:    Cheibriados [*.....]
Gold:   80         SH:  0    Dex: 13    Spells: 2 memorised, 1 level left

rFire  . . .     SeeInvis .       - Unarmed
rCold  . . .     Clarity  .     a - +0 robe
rNeg   . . .     SustAt   .     (no shield)
rPois  .         Gourm    +     (helmet restricted)
rElec  .         Spirit   .     (no cloak)
rCorr  .         Warding  .     (gloves unavailable)
rMut   .         Stasis   .     (boots unavailable)
MR     .....                    (no amulet)
Stlth  +.........               (no ring)
                                k - +1 ring of evasion

@: slowed, drained, very slow, not resistant to hostile enchantments, very
unstealthy
A: unfitting armour, claws 3, fast metabolism 3, gourmand, regeneration 2,
shaggy fur 1, tough skin 2
a: Bend Time, Renounce Religion


You were on level 2 of the Dungeon.
You worshipped Cheibriados.
Cheibriados was aware of your devotion.
You were full.

You visited 1 branch of the dungeon, and saw 2 of its levels.

You collected 80 gold pieces.

Inventory:

Armour
 a - a +0 robe (worn)
Jewellery
 i - an uncursed ring of ice
 k - a +1 ring of evasion (left claw)
Scrolls
 d - a scroll of identify {unknown}
 e - a scroll of random uselessness {unknown}
 h - 2 scrolls of teleportation {unknown}
 j - a scroll of remove curse {unknown}
Books
 b - a book of Necromancy

   Spells                             Type                      Level
   a - Pain                           Necromancy                   1
   b - Animate Skeleton               Necromancy                   1
   c - Vampiric Draining              Necromancy                   3
   d - Regeneration                   Charms/Necromancy            3
   e - Animate Dead                   Necromancy                   4
   f - Control Undead                 Necromancy                   4
Comestibles
 c - 3 bread rations
 g - a meat ration
 l - a slice of pizza


   Skills:
 + Level 1.2(0.9) Fighting
 + Level 2.3(2.0) Dodging
 - Level 1.1(0.8) Stealth
 * Level 3.0(2.7) Unarmed Combat
 - Level 1.2(0.9) Spellcasting
 - Level 3.3(2.9) Necromancy


You had one spell level left.
You knew the following spells:

 Your Spells              Type           Power        Failure   Level  Hunger
a - Pain                  Necr           #...         10%         1    ##.....
b - Regeneration          Chrm/Necr      #.........   47%         3    ####...


Dungeon Overview and Level Annotations

Branches:
Dungeon (2/15)

Altars:
Cheibriados
Dithmenos
Qazlal
Ru
Sif Muna
Zin

Annotations:
D:2 Crazy Yiuf


Innate Abilities, Weirdness & Mutations

You are too large for most types of armour.
You have claws for hands.
Your metabolism is lightning-fast.
You like to eat raw meat.
You heal very quickly.
You are covered in fur (AC +1).
You have very tough skin (AC +2).


Message History

You feel much better.
You closely miss Crazy Yiuf.
Crazy Yiuf is severely wounded.
Crazy Yiuf says, "East Xom bag!"
Crazy Yiuf closely misses you.
Crazy Yiuf waves his quarterstaff at you.
Crazy Yiuf hits you with a quarterstaff of chaos!
You closely miss Crazy Yiuf.
Crazy Yiuf is severely wounded.
Crazy Yiuf hits you with a quarterstaff of chaos!
* * * LOW HITPOINT WARNING * * *
You feel drained.
You scratch Crazy Yiuf but do no damage.
Crazy Yiuf is severely wounded.
Crazy Yiuf hits you with a quarterstaff of chaos!
* * * LOW HITPOINT WARNING * * *
You scratch Crazy Yiuf.
Crazy Yiuf is almost dead.
Crazy Yiuf hits you with a quarterstaff of chaos!
You die...

### #.####
######.# ##
###
#...##.###.
.)#
###.##.##..
..#
#.##.....
..
#...>..#.
.#
#........
♣♣g♣
###...##...
♣@♣
#.....##...
♣♣.♣
###..###...
♣.♣♣ ###..#
#... ♣♣.♣♣
#....# #...
♣.PP♣
###.## #...
♣.PP♣ #.#
#.#. ##..##
#.# #.#.
#....####
#.####.#.
##...##.#
#........


You could see Crazy Yiuf.

Vanquished Creatures
  A gnoll (D:1)
  3 adders (D:2)
  An ooze (D:2)
  A worm (D:2)
  2 giant cockroaches
  4 hobgoblins
  2 jackals (D:2)
  5 kobolds (D:1)
  A ball python (D:2)
  6 bats
  2 giant geckos
  3 giant newts
  5 goblins
  37 rats
  A fungus (D:2)
  A plant (D:1)
75 creatures vanquished.

Vanquished Creatures (others)
  4 jackals (D:1)
4 creatures vanquished.

Grand Total: 79 creatures vanquished

Notes
Turn   | Place    | Note
--------------------------------------------------------------
     0 | D:1      | inmateoo the Troll Necromancer began the quest for the Orb.
     0 | D:1      | Reached XP level 1. HP: 16/16 MP: 1/1
    68 | D:1      | Reached skill level 1 in Unarmed Combat
    68 | D:1      | Reached XP level 2. HP: 20/26 MP: 2/2
   782 | D:1      | Reached XP level 3. HP: 20/32 MP: 3/3
   847 | D:1      | Learned a level 3 spell: Regeneration
  1011 | D:2      | Found a sacrificial altar of Ru.
  1364 | D:2      | Reached skill level 1 in Fighting
  1414 | D:2      | Found a deep blue altar of Sif Muna.
  1417 | D:2      | Found a snail-covered altar of Cheibriados.
  1421 | D:2      | Became a worshipper of Cheibriados the Contemplative
  1426 | D:2      | Found a shadowy altar of Dithmenos.
  1522 | D:2      | Reached XP level 4. HP: 41/41 MP: 4/4
  1594 | D:2      | Found a stormy altar of Qazlal.
  1594 | D:2      | Found a glowing silver altar of Zin.
  1735 | D:2      | Reached * piety under Cheibriados
  1938 | D:2      | Noticed Crazy Yiuf
  1955 | D:2      | HP: 1/41 [Crazy Yiuf/quarterstaff of chaos (9)]
  1956 | D:2      | Mangled by Crazy Yiuf

Action                   |  1- 3 |  4- 6 || total
-------------------------+-------+-------++-------
Melee: Unarmed           |   150 |   100 ||   250
  Use: Potion            |       |     1 ||     1
 Stab: Sleeping          |     3 |     3 ||     6
  Eat: Chunk             |    19 |     1 ||    20
